 Dungeon Crawl Stone Soup version 0.31-a0-210-gccc998df9b (webtiles) character file.

Game seed: 8186171574132460141

19284 Monkooky the Placeless Spriggan (level 11, 0/54 HPs)
             Began as a Spriggan Artificer on July 1, 2023.
             Was the Champion of Ru.
             Killed by an exploding themself (54 damage)
             ... ignited by their inner flame
             ... on level 1 of the Lair of Beasts.
             The game lasted 01:07:55 (17995 turns).

Monkooky the Placeless Spriggan (SpAr)             Turns: 17995, Time: 01:07:57

Health: 0/54       AC:  7    Str:  8    XL:     11   Next: 35%
Magic:  21/23      EV: 18    Int: 15    God:    Ru [******]
Gold:   169        SH:  0    Dex: 18    Spells: 7/24 levels left

rFire   x . .        E - +2 dagger (venom)
rCold   . . .        f - orb {*Rage}
rNeg    . . .        N - +0 swamp dragon scales
rPois   +            (helmet restricted)
rElec   .            (no cloak)
rCorr   +            (gloves unavailable)
SInv    +            (boots unavailable)
Will    +....        F - amulet of faith Stlth
                     b - ring of protection from cold
HPRegen 0.29/turn    P - ring of resist corrosion
MPRegen 0.18/turn

%: random rage (20%), faith
@: studying Transmutations, very quick
A: very small, no large weapons, unfitting armour, see invisible, speed 3, no
stealth, inability to train armour, unskilled 1, inexperienced 1, temperature
sensitive
a: Renounce Religion, Draw Out Power, Power Leap, Apocalypse


You were on level 1 of the Lair of Beasts.
You worshipped Ru.
Ru was exalted by your worship.
You visited 3 branches of the dungeon, and saw 15 of its levels.

You collected 699 gold pieces.
You spent 530 gold pieces at shops.

Inventory:

Hand Weapons
 C - a +2 spectral quarterstaff
 E - a +2 dagger of venom (weapon)
Missiles
 R - 3 curare-tipped darts
Armour
 f - an orb of wrath (worn)
 M - a +1 robe of willpower
 N - +0 swamp dragon scales (worn)
Magical Staves
 a - a staff of cold
 s - a staff of conjuration
 O - a staff of air
Jewellery
 b - a ring of protection from cold (left hand)
 g - a +6 ring of strength
 r - a ring of ice
 t - a ring of flight
 F - an amulet of faith (around neck)
 P - a ring of resist corrosion (right hand)
 Q - a ring of fire
Wands
 c - a wand of flame (9) (quivered)
 d - a wand of charming (15)
 e - a wand of iceblast (1)
 k - a wand of acid (4)
 S - a wand of roots (5)
Scrolls
 i - a scroll of fog
 j - a scroll of identify
 o - 2 scrolls of fear
 p - 5 scrolls of teleportation
 q - a scroll of amnesia
 x - 2 scrolls of brand weapon
 y - a scroll of silence
 z - a scroll of noise
 B - 2 scrolls of vulnerability
 G - a scroll of summoning
 I - 2 scrolls of immolation {unknown}
 J - 2 scrolls of enchant weapon {unknown}
 K - 2 scrolls of poison
 L - a scroll of blinking
 T - a scroll of enchant armour {unknown}
Potions
 h - 2 potions of heal wounds
 l - 3 potions of resistance
 m - 2 potions of brilliance
 n - 3 potions of berserk rage
 u - 2 potions of lignification {unknown}
 v - a potion of haste
 w - 3 potions of invisibility {unknown}
 D - 8 potions of curing {unknown}
 H - 2 potions of might
Miscellaneous
 A - a box of beasts


   Skills:
 - Level 4.5 Fighting
 - Level 7.0 Short Blades
 - Level 7.9 Dodging
 * Level 7.3 Spellcasting
 * Level 8.5 Hexes
 - Level 7.6 Summonings
 - Level 11.1 Translocations
 - Level 7.1 Transmutations
 - Level 5.1 Evocations


You had 7 spell levels left.
You knew the following spells:

 Your Spells              Type           Power      Damage    Failure   Level
a - Summon Guardian Gole  Hex/Summ       29%        N/A       4%          3
b - Call Canine Familiar  Summ           28%        N/A       5%          3
c - Blade Hands           Tmut           13%        N/A       52%         5
d - Passwall              Tmut/Erth      13%        N/A       14%         2
e - Anguish               Hex/Necr       9%         N/A       56%         4

Your spell library contained the following spells:

 Spells                   Type           Power      Damage    Failure   Level
 Summon Small Mammal      Summ           100%       N/A       1%          1
 Gell's Gravitas          Tloc           38%        N/A       1%          3
 Teleport Other           Tloc           38%        N/A       1%          3
 Wereblood                Tmut           26%        N/A       3%          2
 Sting                    Tmut/Pois      64%        1d6       10%         1
 Cause Fear               Hex            15%        N/A       12%         4
 Sandblast                Erth           10%        2d5       36%         1
 Shock                    Conj/Air       20%        1d4       36%         1
 Poisonous Vapours        Pois/Air       10%        N/A       52%         2
 Dispersal                Tloc           19%        N/A       54%         6
 Animate Armour           Summ/Erth      32%        N/A       63%         4
 Summon Lightning Spire   Summ/Air       16%        N/A       63%         4
 Stone Arrow              Conj/Erth      10%        3d7       75%         3
 Olgreb's Toxic Radiance  Pois           5%         N/A       98%         4
 Enfeeble                 Hex            15%        N/A       100%        7
 Malign Gateway           Summ/Tloc      16%        N/A       100%        7
 Orb of Destruction       Conj           2%         9d5       100%        7
 Spellforged Servitor     Conj/Summ      8%         N/A       100%        7
 Dragon's Call            Summ           14%        N/A       100%        9


Dungeon Overview and Level Annotations

Branches:
Dungeon (12/15)            Temple (1/1) D:6            Lair (2/5) D:11
    Orc (0/2) D:10
  Swamp: Lair:2-3    Shoals: Lair:2-3     Snake: Lair:2-3    Spider: Lair:2-3

Altars:
Ashenzari
Cheibriados
Dithmenos
Elyvilon
Fedhas
Gozag
Hepliaklqana
Kikubaaqudgha
Makhleb
Nemelex Xobeh
Okawaru
Qazlal
Ru
Sif Muna
Trog
Uskayaw
Vehumet
Wu Jian
Xom
Yredelemnul
Zin
The Shining One

Shops:
D:7 [   D:8 :

Portals:
Abyss: D:5

Annotations:
D:2 exclusion: downstairs
D:3 exclusion: 2 downstairs
D:5 2 transporters, AwFulAwFulPlayer's ghost, amateur DrGl


Innate Abilities, Weirdness & Mutations

You are very small and have problems with some larger weapons.
You are too small for most types of armour.
You have supernaturally acute eyesight. (SInv)
You cover ground extremely quickly. (Speed+++)
You cannot be stealthy.
You cannot train Armour skill.
You are somewhat unskilled. (-1 Apt)
You are somewhat inexperienced. (-1 XL)
You are sensitive to extremes of temperature. (rF-, rC-)


Message History

Your hound dies!
Your hound's corpse disappears in a puff of smoke!
HP restored.
Magic restored.
Found a dagger.
m - 2 potions of brilliance (gained 1)
You see here a +0 robe.
You open the door.
There is an open door here.
A deep troll comes into view.
Found two yak corpses.
The deep troll shouts!
A deep troll is nearby!
Casting: Summon Guardian Golem (dangerous; 4% risk of failure)
Confirm with . or Enter, or press ? or * to list all spells.
A guardian golem appears, shielding your allies.
What are your orders? t - Shout!
Orders for allies: a - Attack new target. r - Retreat! s - Stop attacking. g - Guard the area. f - Follow me.
Anything else - Cancel.
Retreat in which direction?
Press: ? - help, Dir - move target Fall back!
The deep troll bites your guardian golem.
The deep troll claws your guardian golem!
The deep troll claws your guardian golem but does no damage.
The deep troll bites your guardian golem!
The deep troll claws your guardian golem. x2
The deep troll completely misses your guardian golem.
The deep troll claws your guardian golem.
The deep troll claws your guardian golem!
Your guardian golem overheats!
The deep troll bites your guardian golem!
Your guardian golem disappears in a puff of smoke!
Your guardian golem explodes!
The fiery explosion engulfs you!!! The fire burns you terribly!
Ouch! That really hurt!
You die...

### ### †.# ##### #§###
.§T# ##..P# #@§§##.†
#####P..## #§#T#.#
##........###.##.^#
##.####.....#..#####
###..# ##P.........#
.....###P#.........#.P#
###...)..............##
####.................#
.###................##


You could see a deep troll.

Vanquished Creatures
  A two-headed ogre (D:11)
  2 orange crystal statues
  A black mamba (Lair:1)
  A cane toad (Lair:1)
  Maggie (D:7)
  A gargoyle (D:11)
  Psyche (D:9)
  A troll (D:11)
  Grinder (D:3)
  4 blink frogs (Lair:1)
  5 yaks
  A steam dragon (D:10)
  2 basilisks (Lair:1)
  Edmund (D:5)
  A water moccasin (D:8)
  A wolf (D:11)
  2 centaurs
  A lemure (D:4)
  A phantom (D:4)
  5 kobold brigands
  5 bullfrogs
  4 scorpions
  Dowan (D:4)
  8 killer bees
  A nameless horror (D:11)
  5 electric eels
  A vampire bat (D:11)
  2 orc priests
  2 iguanas (D:5)
  3 orc wizards
  Robin (D:2)
  6 gnolls
  12 adders
  A worm (D:4)
  4 dart slugs
  14 orcs
  7 bat skeletons (D:11)
  7 endoplasms
  2 giant cockroaches
  14 goblins
  7 hobgoblins
  6 jackals (D:1)
  19 kobolds
  6 quokkas
  8 ball pythons
  11 bats
  6 frilled lizards (D:1)
  6 rats
203 creatures vanquished.

Vanquished Creatures (collateral kills)
  A yak (D:11)
  A vampire mosquito (D:9)
  An ice beast (D:6)
  2 sky beasts
  2 ogres
  A centaur (D:7)
  2 bullfrogs
  2 wights
  A jelly (D:7)
  A sleepcap (D:5)
  4 gnolls
  2 white imps
  2 orcs
  2 kobolds (D:9)
24 creatures vanquished.

Vanquished Creatures (others)
  A hydra (D:11)
  A boulder beetle (D:8)
  A two-headed ogre (D:9)
  Amaemon (D:9)
  Pikel (D:4)
  2 black mambas (Lair:1)
  An orange demon (D:9)
  A cane toad (Lair:1)
  A rime drake (D:11)
  5 trolls
  Prince Ribbit (D:9)
  A blink frog (Lair:1)
  A wraith (D:10)
  11 yaks
  Eustachio (D:4)
  5 vampire mosquitoes
  Duvessa (D:4)
  An acid dragon (D:11)
  5 black bears
  3 orc warriors (D:10)
  3 ice beasts
  A sky beast (D:8)
  3 wolves (D:11)
  An ogre (D:5)
  3 kobold brigands (D:10)
  A bullfrog (D:7)
  6 gnoll sergeants
  6 wights
  2 iguanas
  An orc wizard (D:8)
  4 gnolls
  An ufetubus (D:4)
  6 orcs
  2 kobolds (D:9)
85 creatures vanquished.

Grand Total: 312 creatures vanquished

Notes
Turn   | Place    | Note
-------+----------+-------------------------------------------
     0 | D:1      | Monkooky the Spriggan Artificer began the quest for the
                  | Orb.
     0 | D:1      | Reached XP level 1. HP: 9/9 MP: 2/2
   345 | D:1      | Reached XP level 2. HP: 7/14 MP: 3/3
   507 | D:1      | Reached skill level 5 in Evocations
   578 | D:1      | Reached skill level 1 in Short Blades
   850 | D:1      | Reached XP level 3. HP: 17/17 MP: 4/4
  1411 | D:2      | Reached skill level 1 in Fighting
  1415 | D:2      | Noticed Robin
  1483 | D:2      | Killed Robin
  1777 | D:2      | Reached XP level 4. HP: 22/23 MP: 5/5
  2024 | D:2      | Identified a scroll of acquirement
  2039 | D:2      | Learned a level 3 spell: Summon Guardian Golem
  2289 | D:2      | Reached skill level 1 in Hexes
  2515 | D:3      | Reached skill level 1 in Spellcasting
  2665 | D:3      | Reached XP level 5. HP: 22/26 MP: 7/7
  2669 | D:3      | Found a faded altar of an unknown god.
  2682 | D:3      | Got Plato's Atlas of Ozone
  2683 | D:3      | Prayed at the altar of an unknown god.
  2683 | D:3      | Became a worshipper of Ru the Awakened
  2697 | D:2      | Gained mutation: You are somewhat inexperienced. (-1 XL)
                  | [Ru sacrifice]
  2697 | D:2      | Reached XP level 4. HP: 23/23 MP: 6/6
  2697 | D:2      | Reached * piety under Ru
  2829 | D:3      | Noticed Grinder
  3106 | D:3      | Killed Grinder
  3107 | D:3      | Reached skill level 1 in Summonings
  3107 | D:3      | Reached XP level 5. HP: 26/26 MP: 6/10
  3670 | D:4      | Noticed Duvessa
  3760 | D:4      | Killed Duvessa
  3770 | D:4      | Noticed Eustachio
  4013 | D:4      | Killed Eustachio
  4014 | D:4      | Reached skill level 5 in Hexes
  4014 | D:4      | Reached XP level 6. HP: 30/30 MP: 9/12
  4025 | D:4      | Noticed Dowan
  4675 | D:4      | Noticed Pikel
  4757 | D:4      | Killed Pikel
  4758 | D:4      | Reached skill level 5 in Spellcasting
  4758 | D:4      | Reached XP level 7. HP: 34/35 MP: 8/15
  5116 | D:4      | Killed Dowan
  5150 | D:3      | Learned a level 3 spell: Call Canine Familiar
  5595 | D:5      | Entered Level 5 of the Dungeon
  5850 | D:5      | Found a transporter.
  5855 | D:5      | Found a transporter.
  5881 | D:5      | Reached skill level 5 in Dodging
  6178 | D:5      | Found a sacrificial altar of Ru.
  6182 | D:5      | Found a shimmering altar of Xom.
  6185 | D:5      | Found a basalt altar of Yredelemnul.
  6189 | D:5      | Found a stormy altar of Qazlal.
  6190 | D:5      | Found an opulent altar of Gozag.
  6190 | D:5      | Found a blossoming altar of Fedhas.
  6190 | D:5      | Found a burning altar of Makhleb.
  6192 | D:5      | Found a white marble altar of Elyvilon.
  6193 | D:5      | Found an iron altar of Okawaru.
  6194 | D:5      | Found a shimmering blue altar of Sif Muna.
  6196 | D:5      | Found a bloodstained altar of Trog.
  6288 | D:5      | Noticed AwFulAwFulPlayer's ghost (amateur DrGl)
  6289 | D:5      | Found a one-way gate to the infinite horrors of the Abyss.
  6483 | D:5      | Gained mutation: You are sensitive to extremes of
                  | temperature. (rF-, rC-) [Ru sacrifice]
  6483 | D:5      | Reached ** piety under Ru
  6483 | D:5      | Reached *** piety under Ru
  6644 | D:5      | Noticed Edmund
  6699 | D:5      | Killed Edmund
  6989 | D:6      | Reached skill level 5 in Summonings
  6989 | D:6      | Reached XP level 8. HP: 40/40 MP: 12/16
  7099 | D:6      | Found a staircase to the Ecumenical Temple.
  7115 | Temple   | Entered the Ecumenical Temple
  7391 | D:6      | Found a shadowy altar of Dithmenos.
  7995 | D:7      | Found a glowing silver altar of Zin.
  8090 | D:7      | Found Xeimaj's Antique Armour Emporium.
  8158 | D:7      | Bought a runed robe for 62 gold pieces
  8373 | D:7      | Noticed Maggie
  8412 | D:7      | Killed Maggie
  8889 | D:8      | Found Wyxomm's Book Emporium.
  8900 | D:8      | Gained mutation: You cannot train Armour skill. [Ru
                  | sacrifice]
  8900 | D:8      | Reached **** piety under Ru
  8900 | D:8      | Reached ***** piety under Ru
  9010 | D:8      | Reached XP level 9. HP: 44/44 MP: 12/17
  9141 | D:8      | Noticed a boulder beetle
  9174 | D:8      | Killed a boulder beetle
  9175 | D:8      | Reached skill level 5 in Short Blades
  9948 | D:8      | You are sucked into a shaft and drop 3 floors!
 10006 | D:10     | Entered Level 10 of the Dungeon
 10310 | D:10     | Noticed an orange crystal statue
 10472 | D:9      | Noticed a two-headed ogre
 10477 | D:9      | Noticed Prince Ribbit
 10488 | D:9      | Killed a two-headed ogre
 10504 | D:9      | Killed Prince Ribbit
 10505 | D:9      | Reached skill level 5 in Fighting
 10511 | D:9      | Noticed Amaemon
 10511 | D:9      | Noticed an orange demon
 10560 | D:9      | Reached XP level 10. HP: 47/51 MP: 4/18
 10922 | D:8      | Learned a level 6 spell: Dispersal
 11166 | D:8      | Reached skill level 1 in Translocations
 11408 | D:8      | Learned a level 2 spell: Passwall
 11608 | D:9      | Noticed Psyche
 11632 | D:9      | Reached skill level 2 in Translocations
 11897 | D:9      | Killed Psyche
 11898 | D:9      | Reached skill level 3 in Translocations
 11925 | D:9      | Reached skill level 4 in Translocations
 12119 | D:9      | Noticed an orange crystal statue
 12167 | D:9      | Reached skill level 5 in Translocations
 12176 | D:9      | Killed Amaemon
 12177 | D:9      | Reached skill level 6 in Translocations
 12600 | D:10     | Found a staircase to the Orcish Mines.
 12682 | D:10     | Reached skill level 7 in Translocations
 12873 | D:10     | Reached skill level 8 in Translocations
 13024 | D:10     | Found the +7 lajatang of Order {silver, rMut}
 13402 | D:10     | Reached skill level 9 in Translocations
 14500 | D:11     | Reached skill level 10 in Translocations
 14640 | D:11     | Found an ancient bone altar of Kikubaaqudgha.
 14701 | D:11     | Gained mutation: You are somewhat unskilled. (-1 Apt) [Ru
                  | sacrifice]
 14701 | D:11     | Reduced skill Translocations to level 9
 15010 | D:11     | Reached skill level 10 in Translocations
 15031 | D:11     | Noticed a six-headed hydra
 15057 | D:11     | Killed a six-headed hydra
 15058 | D:11     | Reached skill level 11 in Translocations
 15059 | D:11     | Acquired a manual of Transmutations
 15072 | D:11     | Reached skill level 1 in Transmutations
 15194 | D:11     | Found a staircase to the Lair.
 15287 | D:8      | Bought a book of Hexes for 468 gold pieces
 15372 | D:9      | Learned a level 5 spell: Blade Hands
 15377 | D:9      | Learned a level 4 spell: Anguish
 15397 | D:9      | Killed an orange crystal statue
 15398 | D:9      | Reached skill level 5 in Spellcasting
 15739 | D:10     | Killed an orange crystal statue
 15750 | D:10     | Got Peroitza's Papyrus of the Union and Reformation
 16085 | D:11     | Noticed a two-headed ogre
 16169 | D:11     | Killed a two-headed ogre
 16170 | D:11     | Reached skill level 5 in Transmutations
 16441 | D:11     | Reached XP level 11. HP: 52/53 MP: 14/21
 16655 | Lair:1   | Entered Level 1 of the Lair of Beasts
 17302 | Lair:1   | Gained mutation: You cannot be stealthy. [Ru sacrifice]
 17302 | Lair:1   | Reached ****** piety under Ru
 17371 | Lair:1   | You fall into a shaft and drop 1 floor!
 17995 | Lair:1   | Killed by an exploding themself... ignited by their inner
                  | flame

Illustrated notes

Levels and vault maps discovered:
D:1:      dpeg_arrival_three_smaller_balls, layout_basic
D:2:      layout_basic, uniq_robin
D:3:      layout_basic, shapermc_ecumenical_altar_rom_forum, chequers_avenue,
          uniq_grinder
D:4:      layout_basic, uniq_eustachio, uniq_pikel, uniq_duvessa
D:5:      layout_loops_corners, minitemple, gammafunk_ghost_abyssal_escape,
          minmay_misc_feat_five, uniq_edmund
D:6:      layout_rooms, nicolae_dithmenos_the_darkroom,
          minmay_temple_entry_crystal_x, serial_bayou_pond_b
D:7:      layout_basic, mainiacjoe_overflow_paths, serial_shops, shop,
          minmay_crystal_water, solitary_fountain, columned_hall_lemuel,
          uniq_maggie
D:8:      layout_gridville, serial_shops, nicolae_shop_tiny_statue_garden,
          serial_bayou, serial_bayou_shore_a, serial_bayou_pond_b,
          serial_bayou_lagoon_a, serial_bayou_pond_a, serial_bayou_pond_e
D:9:      layout_basic, minivault_16, uniq_prince_ribbit1, uniq_psyche,
          uniq_amaemon
D:10:     layout_small_grid, kennysheep_orc_monster_closet_entryway,
          minmay_protected_statue
D:11:     layout_basic, hellmonk_lair_entry_icy, kennysheep_vampire_church
D:12:     gammafunk_sealed_arena, layout_basic, nicolae_shop_gadgets
Temple:   hellmonk_temple_forest_ring
Lair:1:   dreamdust_cave_troll, layout_layer_cave, minivault_11,
          grunt_megastairs_1
Lair:2:   layout_regular_city, gammafunk_ghost_hive, st_stairs_6

Skill      XL: |  1  2  3  4  5  6  7  8  9 10 11 |
---------------+----------------------------------+-----
Evocations     | 5 |  5.1
Short Blades   | 1 2 3 7 |  7.0
Fighting       | 1 2 3 5 4 |  4.5
Hexes          | 4 5 7 6 8 |  8.5
Spellcasting   | 2 3 5 6 7 |  7.3
Summonings     | 1 2 3 5 8 7 |  7.6
Dodging        | 6 8 7 |  7.9
Translocations | 11 | 11.1
Transmutations | 6 7 |  7.1
Stealth        | 0 |  0.0

Action                     |  1- 3 |  4- 6 |  7- 9 | 10-12 || total
---------------------------+-------+-------+-------+-------++-------
  Melee: Dagger            |   149 |   141 |   166 |   151 ||   607
         Club              |     9 |       |       |       ||     9
         Unarmed           |       |       |       |    35 ||    35
   Cast: Summon Guardian G |       |    11 |    53 |    60 ||   124
         Call Canine Famil |       |       |    45 |    33 ||    78
         Blade Hands       |       |       |       |     4 ||     4
 Invoke: Sacrifice Experie |       |     1 |       |       ||     1
         Sacrifice Resista |       |       |     1 |       ||     1
         Sacrifice Durabil |       |       |     1 |       ||     1
         Apocalypse        |       |       |       |     4 ||     4
         Sacrifice Skill   |       |       |       |     1 ||     1
         Reject Sacrifices |       |       |       |     1 ||     1
         Draw Out Power    |       |       |       |     1 ||     1
         Sacrifice Stealth |       |       |       |     1 ||     1
  Evoke: Wand              |     3 |     5 |     7 |     6 ||    21
         Box of beasts     |       |       |       |     2 ||     2
    Use: Scroll            |       |     6 |     7 |     9 ||    22
   Stab: Sleeping          |     3 |     7 |     1 |       ||    11
         Invisible         |       |       |     3 |     2 ||     5
         Distracted        |       |       |     1 |     1 ||     2
 Armour: Robe              |    12 |    13 |     9 |       ||    34
         Swamp dragon scal |       |       |    12 |    27 ||    39
  Dodge: Dodged            |   125 |    96 |   116 |   156 ||   493

Table legend: (Time is in decaauts)
 A = Elapsed time spent in this place.
 B = Non-inter-level travel time spent in this place.
 C = Inter-level travel time spent in this place.
 D = Time resting spent in this place.
 E = Time spent auto-exploring this place.
 F = Levels seen in this place.
 G = Mean time per level.
                   A        B        C        D        E       F      G
               +--------+--------+--------+--------+--------+-----+--------+
         Total |  14521 |  13829 |    692 |   4009 |   6178 |  15 |  968.1 |
       Dungeon |  13525 |  12842 |    683 |   3880 |   5527 |  12 | 1127.1 |
        Temple |     89 |     82 |      7 |      0 |     76 |   1 |   89.0 |
          Lair |    907 |    907 |      0 |    128 |    575 |   2 |  453.5 |
               +--------+--------+--------+--------+--------+-----+--------+

Top non-repeatable levels by time:
    D:10: 1828 daAuts
     D:8: 1672 daAuts
    D:11: 1452 daAuts
     D:1: 1411 daAuts
     D:3: 1394 daAuts
     D:4: 1215 daAuts
     D:5: 1085 daAuts
     D:9: 1060 daAuts
     D:7: 929 daAuts
  Lair:1: 905 daAuts
     D:2: 751 daAuts
     D:6: 720 daAuts
  Temple: 89 daAuts
  Lair:2: 2 daAuts
    D:12: 1 daAuts
